 Dungeon Crawl Stone Soup version 0.20.1-1-g8b1a95d (webtiles) character file.

424 letownia2 the Grave Robber (level 6, -7/55 HPs)
             Began as a Deep Dwarf Necromancer on Nov 28, 2017.
             Mangled by a mummy (12 damage)
             ... in an ossuary.
             The game lasted 00:07:27 (2039 turns).

letownia2 the Grave Robber (Deep Dwarf Necromancer) Turns: 2039, Time: 00:07:28

Health: -7/55      AC:  7    Str: 12    XL:     6   Next: 64%
Magic:  10/10      EV:  9    Int: 22    God:
Gold:   120        SH:  0    Dex: 13    Spells: 6/10 levels left

rFire    . . .     SeeInvis .   m - +0 hand axe
rCold    . . .     Gourm    .   (no shield)
rNeg     . . .     Faith    .   p - +0 scale mail
rPois    .         Spirit   .   f - +0 hat
rElec    .         Reflect  .   (no cloak)
rCorr    .         Harm     .   l - +0 pair of gloves
MR       .....                  (no boots)
Stlth    +.........             (no amulet)
Regen    0.0/turn               k - +5 ring of intelligence
MPRegen  0.2/turn               (no ring)

@: non-regenerating
A: damage resistance, heal wounds, sense surroundings 1, no regeneration
a: Heal Wounds


You were in an ossuary.
You were hungry.

You visited 1 branch of the dungeon, and saw 6 of its levels.
You also visited: Ossuary.

You collected 120 gold pieces.

Inventory:

Hand Weapons
 e - a +0 dagger
 g - a +1 vampiric short sword
 m - a +0 hand axe (weapon)
Armour
 a - a +0 robe
 f - a +0 hat (worn)
 l - a +0 pair of gloves (worn)
 p - a +0 scale mail (worn)
Jewellery
 k - a +5 ring of intelligence (left hand)
Scrolls
 h - a scroll of identify {unknown}
 q - a scroll of remove curse {unknown}
Potions
 d - 2 potions of flight {unknown}
 i - 2 potions of haste {unknown}
 j - a potion of mutation {unknown}
 r - 2 potions of degeneration {unknown}
Books
 b - a book of Necromancy

   Spells                             Type                      Level
   a - Pain                           Necromancy                   1
   b - Animate Skeleton               Necromancy                   1
   c - Vampiric Draining              Necromancy                   3
   d - Regeneration                   Charms/Necromancy            3
   e - Animate Dead                   Necromancy                   4
   f - Control Undead                 Necromancy                   4
Comestibles
 c - 3 bread rations
 n - a meat ration


   Skills:
 - Level 2.5 Fighting
 + Level 1.3 Armour
 - Level 2.1 Dodging
 - Level 2.4 Stealth
 - Level 2.7 Spellcasting
 - Level 7.4 Necromancy


You had 6 spell levels left.
You knew the following spells:

 Your Spells              Type           Power        Failure   Level  Hunger
a - Pain                  Necr           ####         3%          1    None
v - Vampiric Draining     Necr           #####.....   10%         3    ###....


Dungeon Overview and Level Annotations

Branches:
Dungeon (6/15)
 Temple: D:4-7

Altars:
Fedhas
Makhleb
Nemelex Xobeh
Ru
Sif Muna
Uskayaw
Xom
Yredelemnul


Innate Abilities, Weirdness & Mutations

You are resistant to damage.
You can heal yourself by infusing magical energy.
You passively map a small area around you.
You do not regenerate.


Message History

A mummy comes into view.
Found 27 gold pieces.
A mummy is nearby!
You aren't carrying any items that you can evoke.
Unknown command.
You closely miss the mummy. The mummy hits you!
* * * LOW HITPOINT WARNING * * *
You hit the mummy.
The mummy is moderately damaged.
You hit the mummy.
The mummy is moderately damaged.
The mummy hits you but does no damage.
You closely miss the mummy.
The mummy is moderately damaged.
The mummy hits you.
* * * LOW HITPOINT WARNING * * *
You hit the mummy but do no damage.
The mummy is moderately damaged.
The mummy hits you!
You die...

.............#
,
......#'#....#
*∩
#....##.##...#
#... #...#...#
, ,,#..
,#.###...# ##
##.#$##..# ,
,#..#$.#..# *
*, #..##M#.∩#
* #....@#..#
####..#..# *+
, ,#..#.∩# ,
,#..#..# , , ,
* ,#.##..# , ,
* #.#...# ,
*,..#...# * *
,,, #∩## , * ,
##


You could see a mummy.

Vanquished Creatures
  A bullfrog (D:3)
  2 scorpions
  A howler monkey (D:4)
  2 centaur zombies (Ossuary)
  A human zombie (Ossuary)
  A hound (D:6)
  An iguana (D:5)
  A big kobold zombie (Ossuary)
  An adder (D:4)
  An adder skeleton (D:5)
  4 leopard geckos
  3 orcs (D:4)
  2 giant cockroaches
  6 goblins
  A hobgoblin (D:2)
  3 jackals
  2 kobolds (D:1)
  2 quokkas
  A ball python (D:4)
  A frilled lizard (D:4)
  A goblin zombie (Ossuary)
  A hobgoblin zombie (Ossuary)
  A jackal zombie (Ossuary)
  2 kobold zombies (Ossuary)
  An orc zombie (Ossuary)
  A quokka zombie (Ossuary)
  4 rats
  A rat zombie (Ossuary)
49 creatures vanquished.

Notes
Turn   | Place    | Note
-------+----------+-------------------------------------------
     0 | D:1      | letownia2 the Deep Dwarf Necromancer began the quest for the Orb.
     0 | D:1      | Reached XP level 1. HP: 15/15 MP: 3/3
   311 | D:1      | Reached XP level 2. HP: 22/22 MP: 1/5
   748 | D:3      | Noticed a bullfrog
   774 | D:3      | HP: 1/22 [bullfrog (2)]
   775 | D:3      | Killed a bullfrog
   775 | D:3      | Reached skill level 6 in Necromancy
   775 | D:3      | Reached XP level 3. HP: 1/28 MP: 0/6
   775 | D:3      | Reached XP level 4. HP: 1/36 MP: 0/7
   780 | D:3      | Learned a level 3 spell: Vampiric Draining
  1038 | D:4      | Noticed an ogre
  1173 | D:4      | You fall through a shaft for 2 floors!
  1241 | D:6      | Reached XP level 5. HP: 20/42 MP: 0/8
  1303 | D:6      | Reached skill level 7 in Necromancy
  1391 | D:5      | Entered Level 5 of the Dungeon
  1441 | D:5      | Found a shimmering altar of Xom.
  1441 | D:5      | Found a hide-covered altar of Uskayaw.
  1441 | D:5      | Found a sparkling altar of Nemelex Xobeh.
  1441 | D:5      | Found a blossoming altar of Fedhas.
  1442 | D:5      | Found a sacrificial altar of Ru.
  1446 | D:5      | Found a basalt altar of Yredelemnul.
  1446 | D:5      | Found a burning altar of Makhleb.
  1447 | D:5      | Found a deep blue altar of Sif Muna.
  1526 | D:5      | Reached skill level 1 in Fighting
  1533 | D:5      | Found a sand-covered staircase.
  1616 | D:4      | Reached XP level 6. HP: 26/51 MP: 2/10
  1886 | Ossuary  | Entered an ossuary
  2027 | Ossuary  | Reached skill level 1 in Armour
  2039 | Ossuary  | Mangled by a mummy

Skill      XL: |  1  2  3  4  5  6 |
---------------+-------------------+-----
Spellcasting   | 2 |  2.7
Necromancy     | 6 7 |  7.4
Fighting       | 1 2 |  2.5
Armour         | 1 |  1.3
Dodging        | |  2.1
Stealth        | |  2.4

Action                   |  1- 3 |  4- 6 || total
-------------------------+-------+-------++-------
Melee: Dagger            |     8 |    24 ||    32
       Hand axe          |       |   109 ||   109
 Cast: Pain              |    39 |     9 ||    48
       Vampiric Draining |       |    23 ||    23
  Eat: Chunk             |       |     6 ||     6
Armor: Robe              |     2 |     3 ||     5
       Scale mail        |       |    72 ||    72
Dodge: Dodged            |    11 |    85 ||    96
